 Dungeon Crawl Stone Soup version 0.26-a0-540-g8a0c9464d7 (webtiles) character file.

Game seed: 1326074862695504928

8522 HoaS the Grappler (level 11, -1/92 HPs)
             Began as a Troll Gladiator on Aug 22, 2020.
             Was a Follower of Makhleb.
             Splashed by a brown very ugly thing's acid (4 damage)
             ... on level 1 of the Abyss.
             The game lasted 00:16:43 (7730 turns).

HoaS the Grappler (Troll Gladiator)                 Turns: 7730, Time: 00:16:44

Health: -1/92      AC: 13    Str: 24    XL:     11   Next: 11%
Magic:  10/10      EV: 14    Int:  4    God:    Makhleb [*.....]
Gold:   797        SH:  0    Dex: 14    Spells: 10/10 levels left

rFire    . . .     SeeInvis .     - Unarmed
rCold    . . .     Faith    .   (no shield)
rNeg     . . .     Spirit   .   s - +0 troll leather armour
rPois    .         Reflect  .   b - +1 hat
rElec    .         Harm     .   (no cloak)
rCorr    .                      (gloves unavailable)
MR       +....                  (boots unavailable)
Stlth    +.........             (no amulet)
HPRegen  1.05/turn              w - ring of protection from magic
MPRegen  0.12/turn              r - +4 ring of protection

@: mighty
A: large, unfitting armour, claws 3, regeneration 1, shaggy fur 1, tough skin 3
a: Renounce Religion


You were on level 1 of the Abyss.
You worshipped Makhleb.
Makhleb was aware of your devotion.
You visited 2 branches of the dungeon, and saw 11 of its levels.
You visited the Abyss 1 time.

You collected 797 gold pieces.

Inventory:

Hand Weapons
 t - a +0 giant spiked club of flaming
Missiles
 c - a throwing net (quivered)
 f - 9 javelins
 j - 29 poisoned darts
 k - 5 atropa-tipped darts
 D - 8 silver javelins
Armour
 b - a +1 hat (worn)
 s - a +0 troll leather armour (worn)
Jewellery
 h - an uncursed ring of poison resistance
 o - an uncursed ring of stealth
 r - a +4 ring of protection (right claw)
 u - an uncursed ring of resist corrosion
 w - a ring of protection from magic (left claw)
 E - an uncursed amulet of regeneration {unknown}
Wands
 a - a wand of random effects (45)
 p - a wand of flame (13)
 y - a wand of polymorph (10)
Scrolls
 e - 7 scrolls of teleportation
 v - 2 scrolls of magic mapping
 x - a scroll of fear
 A - a scroll of remove curse
 B - 2 scrolls of brand weapon
Potions
 d - 4 potions of curing
 g - 4 potions of flight
 l - 2 potions of might
 m - 4 potions of haste
 n - 2 potions of ambrosia
 q - a potion of mutation
 z - a potion of lignification
 C - a potion of invisibility {unknown}


   Skills:
 - Level 1.5 Fighting
 - Level 1.7 Throwing
 + Level 8.8 Dodging
 * Level 13.9 Unarmed Combat


You had 10 spell levels left.
You didn't know any spells.
Your spell library contained the following spells:

 Spells                   Type           Power        Failure   Level
 Corona                   Hex            #......      54%         1
 Ensorcelled Hibernation  Hex/Ice        #.....       69%         2
 Confusing Touch          Hex            #.......     89%         3
 Dazzling Flash           Conj/Hex       #.....       89%         3
 Gell's Gravitas          Tloc           #.........   89%         3
 Tukima's Dance           Hex            #.......     89%         3
 Petrify                  Tmut/Erth      #.......     100%        4
 Metabolic Englaciation   Hex/Ice        #.........   100%        5
 Yara's Violent Unravell  Hex/Tmut       #.........   100%        5


Dungeon Overview and Level Annotations

Branches:
Dungeon (10/15)            Temple (1/1) D:4            Lair (0/6) D:9
    Orc: D:9-12

Altars:
Ashenzari
Cheibriados
Dithmenos
Elyvilon
Fedhas
Gozag
Hepliaklqana
Kikubaaqudgha
Makhleb
Nemelex Xobeh
Okawaru
Qazlal
Ru
Sif Muna
Trog
Uskayaw
Vehumet
Wu Jian
Xom
Yredelemnul
Zin
The Shining One

Shops:
D:9 *

Annotations:
D:10 Psyche


Innate Abilities, Weirdness & Mutations

You are too large for most types of armour.
You have claws for hands.
Your natural rate of healing is unusually fast.
You are covered in fur. (AC +1)
You have extremely tough skin. (AC +3)


Message History

Your claw misses the red very ugly thing.
The red very ugly thing is almost dead.
You mangle the red very ugly thing!!
You kill the red very ugly thing!
Makhleb accepts your kill.
You have reached level 11!
The small abomination hits you but does no damage.
You feel much better.
The small abomination barely misses you.
The red very ugly thing basks in the mutagenic energy from its kin and changes!
You barely miss the brown very ugly thing.
The brown very ugly thing stings you.
You are splashed with acid!
The small abomination hits you.
* * * LOW HITPOINT WARNING * * *
You mangle the brown very ugly thing!!
The brown very ugly thing is moderately wounded.
The brown very ugly thing stings you!
* * * LOW HITPOINT WARNING * * *
You are splashed with acid.
You die...

# #.
#.....#. .
# # # .# ≈
. ... #..#
.. ##...
.##. .# .#
#.#.
#.#..#.#.
# .. ..
..... .#
... ##
..##.##..#
#. #
#.##xz.#
#.#
##.#.#@#
## ## #
#u###.#
##.. . u#
. #. .u #.
# ##. #


You could see 3 very ugly things, a small abomination and a flying skull.

Vanquished Creatures
  A very ugly thing (Abyss:1)
  A two-headed ogre (D:7)
  Pikel (D:4)
  A smoke demon (Abyss:1)
  An efreet (Abyss:1)
  An ancient zyme (Abyss:1)
  2 trolls
  A hippogriff (D:8)
  Sigmund (D:3)
  5 yaks (D:9)
  2 basilisks (D:9)
  A porcupine (D:9)
  A water moccasin (D:10)
  A hornet zombie (D:7)
  An ice beast (D:7)
  5 sky beasts
  2 orc warriors
  2 eyes of draining (D:3)
  2 phantoms
  4 ogres
  A centaur (D:7)
  2 crocodiles (D:9)
  4 bullfrogs
  2 wyvern zombies
  A scorpion (D:9)
  6 wights
  A howler monkey (D:8)
  3 orc priests
  4 jellies
  5 hounds
  A gnoll shaman (D:4)
  A bullfrog skeleton (D:6)
  4 worker ants
  Natasha (thrice) (D:3)
  6 iguanas
  2 orc wizards
  A hound zombie (D:6)
  5 gnolls
  13 adders
  A howler monkey skeleton (D:6)
  A river rat (D:4)
  A white imp (D:9)
  An ooze (D:6)
  An adder skeleton (D:8)
  3 worms
  4 dart slugs
  8 leopard geckos
  39 orcs
  12 giant cockroaches
  6 goblins
  8 hobgoblins
  5 jackals
  9 quokkas
  A ball python (D:4)
  5 bats
  5 frilled lizards
  10 kobolds
  3 leopard gecko skeletons
  5 rats
229 creatures vanquished.

Vanquished Creatures (others)
  A human (D:3)
  A fungus (D:9)
  A plant (D:9)
3 creatures vanquished.

Grand Total: 232 creatures vanquished

Notes
Turn   | Place    | Note
-------+----------+-------------------------------------------
     0 | D:1      | HoaS the Troll Gladiator began the quest for the Orb.
     0 | D:1      | Reached XP level 1. HP: 19/19 MP: 0/0
   187 | D:1      | Reached XP level 2. HP: 27/27 MP: 1/1
   541 | D:1      | Reached XP level 3. HP: 32/33 MP: 2/2
   914 | D:2      | Found a white marble altar of Elyvilon.
   921 | D:2      | Reached skill level 4 in Unarmed Combat
  1063 | D:2      | Reached XP level 4. HP: 41/41 MP: 3/3
  1439 | D:2      | Found a shattered altar of Ashenzari.
  1892 | D:3      | Noticed Sigmund
  1896 | D:3      | Killed Sigmund
  1896 | D:3      | Reached skill level 5 in Unarmed Combat
  1896 | D:3      | Reached XP level 5. HP: 48/48 MP: 4/4
  1896 | D:3      | Reached XP level 6. HP: 55/55 MP: 5/5
  1967 | D:3      | Found an ancient bone altar of Kikubaaqudgha.
  1970 | D:3      | Noticed a human
  1971 | D:3      | Killed a human
  1988 | D:3      | Reached skill level 6 in Unarmed Combat
  2035 | D:3      | Found a bloodstained altar of Trog.
  2080 | D:3      | Noticed Natasha
  2094 | D:3      | Killed Natasha
  2094 | D:3      | Reached XP level 7. HP: 62/62 MP: 6/6
  2170 | D:3      | Noticed Natasha
  2179 | D:3      | Killed Natasha
  2371 | D:3      | Noticed Natasha
  2378 | D:3      | Killed Natasha
  2378 | D:3      | Reached skill level 7 in Unarmed Combat
  2545 | D:4      | Found a radiant altar of Vehumet.
  2548 | D:4      | Found a snail-covered altar of Cheibriados.
  2551 | D:4      | Found a basalt altar of Yredelemnul.
  2601 | D:4      | Noticed Pikel
  2618 | D:4      | Killed Pikel
  2618 | D:4      | Reached skill level 5 in Dodging
  2618 | D:4      | Reached skill level 8 in Unarmed Combat
  2618 | D:4      | Reached XP level 8. HP: 17/70 MP: 7/7
  2894 | D:4      | Found a staircase to the Ecumenical Temple.
  2905 | Temple   | Entered the Ecumenical Temple
  3917 | D:5      | Entered Level 5 of the Dungeon
  3990 | D:5      | Reached skill level 9 in Unarmed Combat
  4729 | D:6      | Found a sacrificial altar of Ru.
  4808 | D:6      | Reached skill level 10 in Unarmed Combat
  4809 | D:6      | Reached XP level 9. HP: 76/76 MP: 8/8
  4823 | D:6      | Noticed a troll
  4840 | D:6      | Killed a troll
  5293 | D:7      | Noticed a two-headed ogre
  5301 | D:7      | Killed a two-headed ogre
  5301 | D:7      | Reached skill level 11 in Unarmed Combat
  5864 | D:8      | Reached XP level 10. HP: 78/85 MP: 9/9
  5867 | D:8      | Reached skill level 12 in Unarmed Combat
  5942 | D:8      | Found a stormy altar of Qazlal.
  6475 | D:8      | Found a burning altar of Makhleb.
  6475 | D:8      | Found an ornate altar of the Wu Jian Council.
  6478 | D:8      | Became a worshipper of Makhleb the Destroyer
  7051 | D:9      | Reached * piety under Makhleb
  7051 | D:9      | Reached skill level 13 in Unarmed Combat
  7071 | D:9      | Found a staircase to the Lair.
  7295 | D:9      | Found Goinlieq's Assorted Antiques.
  7453 | D:10     | Entered Level 10 of the Dungeon
  7515 | D:10     | Noticed Psyche
  7522 | D:10     | Cast into level 1 of the Abyss (Psyche)
  7566 | Abyss:1  | Found a corrupted altar of Lugonu.
  7592 | Abyss:1  | Found a corrupted altar of Lugonu.
  7689 | Abyss:1  | Noticed a smoke demon
  7696 | Abyss:1  | Killed a smoke demon
  7705 | Abyss:1  | Noticed a red ugly thing
  7705 | Abyss:1  | Noticed a red very ugly thing
  7705 | Abyss:1  | Noticed a red very ugly thing
  7706 | Abyss:1  | Noticed a red very ugly thing
  7707 | Abyss:1  | Noticed a red very ugly thing
  7708 | Abyss:1  | Noticed a red very ugly thing
  7727 | Abyss:1  | Killed a red very ugly thing
  7727 | Abyss:1  | Reached XP level 11. HP: 10/92 MP: 10/10
  7730 | Abyss:1  | HP: 3/92 [brown very ugly thing (17)]
  7730 | Abyss:1  | Splashed by a brown very ugly thing's acid

Illustrated notes

Levels and vault maps discovered:
D:1:      giann_forest_graveyard, layout_loops_corners
D:2:      layout_basic, lemuel_coloured_pillars_altar, old_standard_altar
D:3:      layout_loops_ring, trog_eyes_of_draining, tgw_kikubaaqudgha,
          uniq_natasha, uniq_sigmund
D:4:      layout_layer_cave, grunt_temple_overflow_diamond,
          minmay_temple_entry_proselytizer, gup_sewer_entry_spiral, uniq_pikel
D:5:      layout_cave_pools, columned_hall_lemuel, nrook_mini_vaults
D:6:      cheibrodos_barr_body, layout_rooms, kennysheep_donut,
          nicolae_ru_awakened_eye
D:7:      layout_loops_corners, chequers_serial_rivers_room_b
D:8:      layout_layer_cave, kennysheep_mini_moat,
          gammafunk_temple_overflow_elements
D:9:      layout_basic, minmay_lair_entry_grove, serial_shops,
          nicolae_shop_behind_doors
D:10:     layout_roguey, serial_shops, kennysheep_mini,
          hangedman_little_slice_of_home, uniq_psyche
Temple:   dshaligram_water_room_temple
Abyss:1:  base:
D:10

Skill      XL: |  1  2  3  4  5  6  7  8  9 10 |
---------------+-------------------------------+-----
Unarmed Combat | 4 5 6 8 10 11 13 | 13.9
Dodging        | 3 4 5 6 7 8 |  8.8
Fighting       | |  1.5
Throwing       | |  1.7

Action                   |  1- 3 |  4- 6 |  7- 9 | 10-12 || total
-------------------------+-------+-------+-------+-------++-------
Melee: Unarmed           |    89 |   105 |   275 |   191 ||   660
       Punch             |     1 |     2 |    12 |    13 ||    28
Throw: Throwing net      |       |       |     4 |       ||     4
Evoke: Wand              |       |       |       |     8 ||     8
  Use: Scroll            |     2 |     8 |    10 |     7 ||    27
       Potion            |       |       |       |     2 ||     2
 Stab: Sleeping          |     2 |     6 |     3 |     1 ||    12
       Distracted        |       |       |     1 |       ||     1
       Held in net/web   |       |       |     2 |       ||     2
Armor: Robe              |    44 |    31 |    64 |       ||   139
       Troll leather arm |       |       |    26 |    49 ||    75
Dodge: Dodged            |    50 |    39 |   141 |    91 ||   321

Table legend: (Time is in decaauts)
 A = Elapsed time spent in this place.
 B = Non-inter-level travel time spent in this place.
 C = Inter-level travel time spent in this place.
 D = Time resting spent in this place.
 E = Time spent auto-exploring this place.
 F = Levels seen in this place.
 G = Mean time per level.
                   A        B        C        D        E       F      G
               +--------+--------+--------+--------+--------+-----+--------+
         Total |   7650 |   7323 |    327 |    117 |   5820 |  12 |  637.5 |
       Dungeon |   7318 |   6991 |    327 |    117 |   5553 |  10 |  731.8 |
        Temple |    132 |    132 |      0 |      0 |    109 |   1 |  132.0 |
         Abyss |    199 |    199 |      0 |      0 |    158 |   1 |  199.0 |
               +--------+--------+--------+--------+--------+-----+--------+

Top non-repeatable levels by time:
     D:4: 1366 daAuts
     D:8: 1108 daAuts
     D:1: 893 daAuts
     D:7: 808 daAuts
     D:2: 787 daAuts
     D:3: 745 daAuts
     D:6: 585 daAuts
     D:5: 493 daAuts
     D:9: 463 daAuts
 Abyss:1: 199 daAuts
  Temple: 132 daAuts
    D:10: 66 daAuts
